[Event "fics rated crazyhouse match"]
[Site "fics, Oklahoma City, OK USA"]
[Date "2000.09.27"]
[White "LINDEGREN"]
[WhiteElo "2368"]
[Black "Tecumseh"]
[BlackElo "2291"]
[TimeControl "180+0"]
[Result "1-0"]

1. e4 b6 2. d4 Bb7 3. Bd3 e6 4. f3 Nf6 5. Nh3 c5 6. c3 
d5 7. e5 Nh5 8. O-O c4 9. Bc2 Be7 10. f4 Nxf4 11. Bxf4 P@d3 
12. Bxd3 cxd3 13. Qxd3 B@c4 14. Qf3 Nc6 15. Nd2 Bba6 16. Nxc4 Bxc4 17. B@b7 
Rc8 18. N@h5 Rg8 19. Bxc8 Qxc8 20. P@f6 B@e2 21. Qf2 gxf6 22. Nxf6+ Bxf6 
23. exf6 N@f3+ 24. Kh1 Bxf1 25. R@g7 R@g6 26. Rxg8+ Rxg8 27. R@g7 R@g6 28. Rxg8+ 
Rxg8 29. P@g7 Bxg2+ 30. Qxg2 N@h4 31. R@f8+ Rxf8 32. gxf8=Q+ Kxf8 33. P@e7+ Ke8 
34. R@f8+ Kd7 35. Rxc8 Nxg2 36. e8=Q# 
{Tecumseh checkmated} 1-0

[Event "fics rated crazyhouse match"]
[Site "fics, Oklahoma City, OK USA"]
[Date "2000.09.27"]
[White "Tecumseh"]
[WhiteElo "2285"]
[Black "LINDEGREN"]
[BlackElo "2374"]
[TimeControl "180+0"]
[Result "0-1"]

1. c4 Nf6 2. Nc3 Nc6 3. g3 e5 4. Bg2 d6 5. d3 Be7 6. Nf3 
O-O 7. O-O Bg4 8. Nd5 Bxf3 9. Bxf3 Rb8 10. Nxe7+ Qxe7 11. B@h4 Nd4 
12. Bg2 c6 13. Bcg5 N@d7 14. e3 Nf5 15. B@h3 Nxh4 16. Bxh4 B@e6 17. N@f5 
Bxf5 18. Bxf5 N@e6 19. d4 exd4 20. exd4 P@g6 21. Bfh3 Nxd4 22. Bxd7 Qxd7 
23. Bxf6 gxf6 24. B@g4 B@e6 25. N@h6+ Kh8 26. Qxd4 B@e5 27. Bxe6 fxe6 28. N@f7+ 
Rxf7 29. Nxf7+ Qxf7 30. B@h6 N@f5 31. Qd2 Nxh6 32. Qxh6 P@g7 33. Qd2 N@d4 
34. R@e3 N@f5 35. Rd3 B@e2 36. f4 Bxd3 37. Qxd3 B@e2 38. Qd2 Bxf1 39. Rxf1 
R@e2 40. Qb4 Rxg2+ 41. Kxg2 Ne3+ 42. Kf2 R@e2+ 43. Kg1 Nxf1 44. R@g8# 
{Tecumseh resigns} 0-1

[Event "fics rated crazyhouse match"]
[Site "fics, Oklahoma City, OK USA"]
[Date "2000.09.27"]
[White "LINDEGREN"]
[WhiteElo "2380"]
[Black "Tecumseh"]
[BlackElo "2279"]
[TimeControl "180+0"]
[Result "1-0"]

1. e4 e6 2. Nc3 f5 3. exf5 exf5 4. Nf3 Nf6 5. d4 Bb4 6. Be2 
Qe7 7. O-O Bxc3 8. bxc3 N@e4 9. Bd2 d5 10. P@e5 Ng4 11. B@h4 Qf7 
12. Bd3 Nxd2 13. Nxd2 P@e4 14. Bb5+ B@c6 15. Bxc6+ Nxc6 16. N@g5 Qe7 17. B@c5 
B@d6 18. exd6 cxd6 19. Bxd6 Qxd6 20. P@f7+ Kd7 21. B@g3 P@f4 22. Ndxe4 dxe4 
23. P@e5 Qd5 24. Bxf4 Kc7 25. P@d6+ Kb6 26. Rb1+ Ka6 27. Qe2+ B@c4 28. Qxc4+ 
Qxc4 29. B@b5+ Qxb5 30. Rxb5 N@e2+ 31. Kh1 Nxf4 32. Q@c4 B@e2 33. Rb6+ Kxb6 
34. Qc5+ Ka6 35. Rg1 R@a5 36. Qxa5+ Nxa5 37. Nxe4 B@f3 38. P@b5+ Kxb5 39. c4+ 
Ka6 40. gxf3 Bxf3+ 41. B@g2 P@h3 42. Bxf3 Nxf2+ 43. Bxf2 P@g2+ 44. Rxg2 hxg2+ 
45. Bxg2 Q@f1+ 46. Bxf1 R@g1+ 47. Kxg1 Q@g4+ 48. B@g3 Nh3+ 49. Bxh3 
{Tecumseh forfeits on time} 1-0

[Event "fics rated crazyhouse match"]
[Site "fics, Oklahoma City, OK USA"]
[Date "2000.09.27"]
[White "Tecumseh"]
[WhiteElo "2273"]
[Black "LINDEGREN"]
[BlackElo "2386"]
[TimeControl "180+0"]
[Result "0-1"]

1. f4 Nf6 2. b3 Nc6 3. Bb2 d6 4. Nf3 Bg4 5. e3 e5 6. fxe5 
Nxe5 7. Be2 Bxf3 8. Bxf3 Nxf3+ 9. Qxf3 B@e4 10. Qh3 P@f2+ 11. Kd1 N@g1 
12. B@b5+ c6 13. Qh4 cxb5 14. Qxf2 Bxc2+ 15. Kxc2 Rc8+ 16. Nc3 B@e4+ 17. d3 
Rxc3+ 18. Bxc3 Bxd3+ 19. Kxd3 P@e4+ 20. Kc2 Ne2 21. P@e6 fxe6 22. P@f7+ Kd7 
23. Bxf6 N@b4+ 24. Kd2 gxf6 25. B@e8+ Kc7 26. Rac1+ P@c3+ 27. Rxc3+ Nxc3 28. P@d7 
R@d3+ 29. Kc1 Nbxa2+ 30. Kb2 P@a3+ 31. Kxa3 b4+ 32. Kb2 B@a3+ 33. Ka1 P@b2+ 
34. Qxb2 Bxb2+ 35. Kxb2 Na4+ 36. Kxa2 Q@b2# 
{Tecumseh checkmated} 0-1

[Event "fics rated crazyhouse match"]
[Site "fics, Oklahoma City, OK USA"]
[Date "2000.09.28"]
[White "FatalError"]
[WhiteElo "2022"]
[Black "liveZ"]
[BlackElo "2503"]
[TimeControl "300+0"]
[Result "1-0"]

1. d4 e6 2. Nf3 Nf6 3. Bg5 Nc6 4. e3 Be7 5. Nbd2 d5 6. Bb5 
Bd7 7. Rb1 Ne4 8. Bxe7 Qxe7 9. O-O B@h5 10. Be2 Nxd2 11. Nxd2 Bxe2 
12. Qxe2 e5 13. B@c5 Qf6 14. dxe5 Nxe5 15. B@d4 P@h3 16. N@h5 Qg5 17. f4 
Qg6 18. Bxe5 hxg2 19. Nxg7+ Kd8 20. Bxc7+ Kxc7 21. P@d6+ Kc8 22. N@e7+ Kd8 
23. P@c7# 
{liveZ checkmated} 1-0

[Event "fics rated crazyhouse match"]
[Site "fics, Oklahoma City, OK USA"]
[Date "2000.09.28"]
[White "nasnad"]
[WhiteElo "2381"]
[Black "XXNoWay"]
[BlackElo "2411"]
[TimeControl "60+0"]
[Result "1-0"]

1. e4 e6 2. Nc3 Nf6 3. d4 d5 4. e5 Ne4 5. Nh3 Nc6 6. Bb5 
Bb4 7. Bxc6+ bxc6 8. N@e2 Bxc3+ 9. Nxc3 Nxc3 10. bxc3 N@e4 11. B@d2 N@h4 
12. Rg1 B@f5 13. Ng5 Nxd2 14. Bxd2 B@e7 15. N@f3 Nxf3+ 16. Nxf3 Bg4 17. N@e3 
Bxf3 18. Qxf3 N@h4 19. Qe2 N@f4 20. Qf1 Bg5 21. B@g3 Nfxg2+ 22. Rxg2 Bxe3 
23. fxe3 N@f3+ 24. Kd1 Nxg2 25. Qxf3 R@f5 26. Qxg2 h5 27. N@h4 P@b2 28. Rb1 
Qxh4 29. Bxh4 N@f2+ 30. Bxf2 Rxf2 31. Qxf2 B@g4+ 32. B@f3 O-O 33. Bxg4 hxg4 
34. B@e2 B@h7 35. Qh4 Ba6 36. Bxa6 f5 37. B@d3 Rf7 38. N@g5 Bg6 39. Nxf7 
Kxf7 40. N@g5+ Ke8 41. Nxe6 Kd7 42. R@e7# 
{XXNoWay checkmated} 1-0

[Event "fics rated crazyhouse match"]
[Site "fics, Oklahoma City, OK USA"]
[Date "2000.09.28"]
[White "ronenl"]
[WhiteElo "2243"]
[Black "GhostShell"]
[BlackElo "2269"]
[TimeControl "60+0"]
[Result "1-0"]

1. e4 Nf6 2. Nc3 d5 3. exd5 Nxd5 4. Bc4 e6 5. Bxd5 exd5 6. Qe2+ 
P@e6 7. P@f5 B@c4 8. d3 Bxd3 9. cxd3 Be7 10. fxe6 Bxe6 11. P@h6 Rg8 
12. hxg7 P@f5 13. N@f4 P@d7 14. Ncxd5 Rxg7 15. P@d6 cxd6 16. P@c7 Na6 17. cxd8=Q+ 
Bxd8 18. B@f6 Rg8 19. Bxd8 Kxd8 20. Nxe6+ dxe6 21. B@f6+ Kc8 22. B@b5 B@a5+ 
23. Bd2 Bxd2+ 24. Qxd2 exd5 25. Bxa6 bxa6 26. Q@c6+ P@c7 27. B@b7# 
{GhostShell resigns} 1-0

[Event "fics rated crazyhouse match"]
[Site "fics, Oklahoma City, OK USA"]
[Date "2000.09.28"]
[White "JiggaB"]
[WhiteElo "2136"]
[Black "MyPartner"]
[BlackElo "2415"]
[TimeControl "180+0"]
[Result "0-1"]

1. e4 e6 2. Nc3 d6 3. d4 Nf6 4. Bd3 Nc6 5. Nf3 Ng4 6. O-O 
d5 7. exd5 exd5 8. Bb5 P@e4 9. Bxc6+ bxc6 10. Ne5 Nxe5 11. dxe5 N@c4 
12. P@d4 Rb8 13. Rb1 B@g4 14. f3 exf3 15. gxf3 Bh3 16. Rf2 Bb4 17. Bd2 
P@e3 
{JiggaB resigns} 0-1

[Event "fics rated crazyhouse match"]
[Site "fics, Oklahoma City, OK USA"]
[Date "2000.09.28"]
[White "MyPartner"]
[WhiteElo "2418"]
[Black "LilBugger"]
[BlackElo "2096"]
[TimeControl "180+0"]
[Result "1-0"]

1. e4 e6 2. d4 d5 3. exd5 exd5 4. Bb5+ Nc6 5. Qe2+ P@e4 6. Nc3 
Bb4 7. Bxc6+ bxc6 8. N@h5 B@f8 9. Bd2 Nf6 10. Nxf6+ gxf6 11. P@f3 Bxc3 
12. bxc3 Qe7 13. B@a4 Bd7 14. fxe4 dxe4 15. P@b7 Rb8 16. N@c8 Qe6 17. Bb3 
P@d5 18. Nxa7 Rxb7 19. Qa6 Rxa7 20. Qxa7 N@h4 21. Qxc7 Nxg2+ 22. Kf1 Nh4 
23. R@d8+ Ke7 24. Rxd7+ Qxd7 25. P@d6+ Ke8 26. Qxd7+ Kxd7 27. Q@c7# 
{LilBugger resigns} 1-0

[Event "fics rated crazyhouse match"]
[Site "fics, Oklahoma City, OK USA"]
[Date "2000.09.28"]
[White "LilBugger"]
[WhiteElo "2094"]
[Black "MyPartner"]
[BlackElo "2420"]
[TimeControl "180+0"]
[Result "0-1"]

1. e4 Nf6 2. Nc3 d5 3. exd5 Nxd5 4. Bc4 e6 5. Nf3 Nf4 6. Rg1 
P@h3 7. gxh3 Nxh3 8. Rg3 Nxf2 9. Kxf2 P@f4 10. Rg1 P@d5 11. Bb5+ Bd7 
12. Bxd7+ Qxd7 13. d4 B@e3+ 14. Bxe3 fxe3+ 15. Kxe3 Nc6 16. B@b5 B@c4 17. Ne5 
Nxe5 18. Bxd7+ Nxd7 19. B@f4 B@a5 20. P@g4 Bxc3 21. bxc3 N@e4 22. P@d2 N@f2 
23. Qf3 Nxg4+ 24. Rxg4 P@b2 25. Rag1 Bxa2 26. Rxg7 P@f2 27. Qxf2 Bxg7 28. Rxg7 
Nxf2 29. Q@e7+ Kxe7 30. Rxf7+ Kxf7 31. N@g5+ Ke7 32. B@b4+ R@d6 33. Bbxd6+ cxd6 
34. R@f7+ Kd8 35. Nxe6+ Ke8 36. Rxd7 Q@e1# 
{LilBugger forfeits on time} 0-1

[Event "fics rated crazyhouse match"]
[Site "fics, Oklahoma City, OK USA"]
[Date "2000.09.28"]
[White "MyPartner"]
[WhiteElo "2422"]
[Black "LilBugger"]
[BlackElo "2092"]
[TimeControl "180+0"]
[Result "1-0"]

1. e4 e6 2. d4 d5 3. exd5 exd5 4. Bb5+ Nc6 5. Qe2+ P@e4 6. Bxc6+ 
bxc6 7. N@e5 Bd7 8. P@b7 Rb8 9. Qa6 Bb4+ 10. c3 Nf6 11. cxb4 O-O 
12. Qxa7 Re8 13. P@c2 B@b6 14. Qa6 Bxd4 15. Nxc6 Bxc6 16. Qxc6 P@d3 17. P@e3 
dxc2 18. Qxc2 P@d3 19. Qc6 N@c2+ 20. Kf1 Nxa1 21. exd4 R@c2 22. B@a4 Rxc6 
23. Bg5 Rxb7 24. B@b5 P@e2+ 25. Nxe2 dxe2+ 26. Bxe2 Nc2 27. B@c3 Q@a1 28. Bxc2 
Rxc3 29. bxc3 B@d3 30. Bcxd3 exd3 31. Bxd3 B@e2+ 32. Bxe2 Qxb1+ 33. R@e1 Qxe1+ 
34. Kxe1 N@d3+ 35. Kd2 Rxe2+ 36. Kxe2 N@f4+ 37. Bxf4 Nxf4+ 38. Kd1 B@e2+ 39. Kc1 
B@a3+ 40. P@b2 Nd3+ 41. Kd2 Ne4+ 42. Kxe2 R@d2+ 43. Kf1 Rxf2+ 44. Kg1 P@e2 
45. N@e7+ Qxe7 46. R@h8+ Kxh8 47. Q@c8+ R@g8 48. Qxg8+ Kxg8 49. R@c8# 
{LilBugger forfeits on time} 1-0

[Event "fics rated crazyhouse match"]
[Site "fics, Oklahoma City, OK USA"]
[Date "2000.09.29"]
[White "ronenl"]
[WhiteElo "2266"]
[Black "PJK"]
[BlackElo "2281"]
[TimeControl "60+0"]
[Result "0-1"]

1. e4 Nc6 2. Nc3 e6 3. d3 Bb4 4. Bd2 d5 5. exd5 exd5 6. Qe2+ 
Nge7 7. Nf3 Bg4 8. P@e3 d4 9. Ne4 dxe3 10. fxe3 P@d4 11. Bxb4 Nxb4 
12. exd4 Bxf3 13. gxf3 Qxd4 14. B@c3 P@f2+ 15. Nxf2 Qh4 16. B@g3 Nxc2+ 17. Qxc2 
Qg5 18. Bd2 P@e3 19. Bxe3 Qxe3+ 20. P@e2 P@d2+ 21. Kd1 B@c6 22. N@c4 B@a4 
23. P@b3 Bxb3 24. axb3 N@b4 25. Nxe3 Nxc2 26. Kxc2 P@d4 27. Bxc7 dxe3 28. N@d6+ 
Kf8 29. B@c3 N@e1+ 30. Kb1 d1=Q+ 31. Nxd1 Q@c2+ 32. Ka2 Nxd3 33. Bxg7+ Kxg7 
34. Rg1+ Kf6 35. Q@g5+ Ke6 36. P@f5+ Kd7 37. P@e6+ Kxc7 38. Ne8+ Raxe8 39. Qxe7+ 
B@d7 40. P@d6+ Kb6 41. P@c7 Ka6 
{ronenl forfeits on time} 0-1

[Event "fics rated crazyhouse match"]
[Site "fics, Oklahoma City, OK USA"]
[Date "2000.09.29"]
[White "PJK"]
[WhiteElo "2289"]
[Black "ronenl"]
[BlackElo "2258"]
[TimeControl "60+0"]
[Result "0-1"]

1. Nf3 e6 2. g3 d5 3. Bg2 Be7 4. d4 Nc6 5. Ne5 Nxe5 6. dxe5 
N@g4 7. Bf4 Bg5 8. h3 Bxf4 9. gxf4 Nxf2 10. Kxf2 B@e4 11. B@g3 Bxg2 
12. Kxg2 P@h4 13. B@g5 B@e7 14. B3xh4 Bxg5 15. Bxg5 B@e7 16. Bxe7 Qxe7 17. B@g5 
f6 18. exf6 gxf6 19. B@h5+ P@g6 20. P@d6 cxd6 21. N@b5 P@c7 22. Nxc7+ Qxc7 
23. N@b5 Qe7 24. Nxd6+ Qxd6 25. P@g7 N@e3+ 26. Kh2 Nxd1 27. gxh8=Q Q@f2+ 28. R@g2 
B@g3# 
{PJK checkmated} 0-1

[Event "fics rated crazyhouse match"]
[Site "fics, Oklahoma City, OK USA"]
[Date "2000.09.29"]
[White "PJK"]
[WhiteElo "2280"]
[Black "ronenl"]
[BlackElo "2271"]
[TimeControl "60+0"]
[Result "0-1"]

1. Nf3 e6 2. Nc3 Nf6 3. e4 d5 4. exd5 Nxd5 5. Nxd5 exd5 6. Bb5+ 
Nc6 7. Bxc6+ bxc6 8. P@e5 Bg4 9. d4 P@e4 10. N@g5 exf3 11. gxf3 B@e7 
12. fxg4 Bxg5 13. B@g2 Bxc1 14. Qxc1 N@h4 15. Rg1 N@f3+ 16. Bxf3 Nxf3+ 17. Ke2 
Nxd4+ 18. Kf1 B@h3+ 19. P@g2 P@e2+ 20. Ke1 B@a5+ 21. c3 Bxg2 22. Rxg2 N@f3# 
{PJK checkmated} 0-1

[Event "fics rated crazyhouse match"]
[Site "fics, Oklahoma City, OK USA"]
[Date "2000.09.29"]
[White "ronenl"]
[WhiteElo "2279"]
[Black "PJK"]
[BlackElo "2272"]
[TimeControl "60+0"]
[Result "0-1"]

1. e4 Nc6 2. Nc3 e6 3. d4 Bb4 4. a3 Bxc3+ 5. bxc3 d5 6. e5 
f6 7. B@h5+ g6 8. exf6 Qxf6 9. Bf3 P@e4 10. B3e2 e5 11. dxe5 Qxe5 
12. P@d4 Qe7 13. Bf4 Nf6 14. Bg5 P@g7 15. P@e5 Nxe5 16. dxe5 Qxe5 17. Bxf6 
Qxf6 18. N@b5 B@a5 19. N@b4 P@c6 20. Nxd5 cxd5 21. Qxd5 Bxc3+ 22. P@d2 Bxa1 
23. Nxc7+ Ke7 24. Qxe4+ R@e5 25. Nd5+ Kf7 26. Qc4 Qe6 27. P@f4 Re4 28. P@d3 
P@b2 29. Qxe4 b1=Q+ 30. R@d1 Qxd1+ 31. Bxd1 Qxe4+ 32. dxe4 R@e6 33. P@f5 Rxe4+ 
34. Bfe2 Bxf5 35. Kf1 Q@e6 36. Q@c7+ N@d7 37. Ne7 Qxe7 38. Nf3 N@d4 39. Qc4+ 
N@e6 40. d3 Re3 41. Kg1 Nxf3# 
{ronenl forfeits on time} 0-1

[Event "fics rated crazyhouse match"]
[Site "fics, Oklahoma City, OK USA"]
[Date "2000.09.29"]
[White "PJK"]
[WhiteElo "2280"]
[Black "ronenl"]
[BlackElo "2271"]
[TimeControl "60+0"]
[Result "1-0"]

1. Nf3 e6 2. Nc3 d5 3. d4 Nf6 4. Bg5 Be7 5. Ne5 Nbd7 6. Bxf6 
Bxf6 7. Nxf7 Kxf7 8. P@e5 Bg5 9. N@f3 N@e4 10. Nxe4 dxe4 11. Nxg5+ Qxg5 
12. B@e3 Qe7 13. N@g5+ Ke8 14. d5 Qb4+ 15. c3 Qxb2 16. dxe6 N@c2+ 17. Qxc2 
Qxc2 18. P@f7+ Kd8 19. N@d5 P@b2 20. e7# 
{ronenl checkmated} 1-0

[Event "fics rated crazyhouse match"]
[Site "fics, Oklahoma City, OK USA"]
[Date "2000.09.29"]
[White "ronenl"]
[WhiteElo "2263"]
[Black "PJK"]
[BlackElo "2288"]
[TimeControl "60+0"]
[Result "1-0"]

1. e4 e6 2. Nc3 Nc6 3. d4 Nf6 4. e5 Nd5 5. Nxd5 exd5 6. Nf3 
d6 7. Bb5 dxe5 8. Nxe5 P@d7 9. Nxf7 Kxf7 10. Qh5+ g6 11. Qxd5+ N@e6 
12. Bxc6 bxc6 13. Qf3+ B@f5 14. N@e5+ Kg7 15. P@h6+ Kf6 16. N@e4+ Ke7 17. P@f6+ 
Ke8 18. P@f7# 
{PJK checkmated} 1-0

[Event "fics rated crazyhouse match"]
[Site "fics, Oklahoma City, OK USA"]
[Date "2000.09.29"]
[White "PJK"]
[WhiteElo "2279"]
[Black "ronenl"]
[BlackElo "2272"]
[TimeControl "60+0"]
[Result "1-0"]

1. Nf3 e6 2. d4 d5 3. Bg5 Be7 4. Bxe7 Qxe7 5. Nc3 B@a5 6. Ne5 
Nd7 7. e3 Nxe5 8. dxe5 N@e4 9. B@d2 Nxd2 10. Qxd2 Bxc3 11. Qxc3 N@e4 
12. Bb5+ B@d7 13. Qb3 Bxb5 14. Qxb5+ c6 15. Qe2 B@b4+ 16. Kf1 f6 17. B@d3 
fxe5 18. Bxe4 dxe4 19. B@h5+ B@f7 20. N@c4 Bxh5 21. Qxh5+ B@f7 22. Qe2 P@f3 
23. gxf3 exf3 24. Qxf3 Nf6 25. Nxe5 P@e4 26. Qe2 Bh5 27. P@g4 Nxg4 28. Nxg4 
P@f3 29. Qc4 Bxg4 30. Rg1 Bh3+ 31. P@g2 fxg2+ 32. Ke2 P@f3+ 33. Kd1 Qd7+ 
34. P@d4 N@a4 35. B@h5+ g6 36. Qxb4 Nxb2+ 37. Qxb2 gxh5 38. N@f6+ Kd8 39. Nxd7 
P@e2+ 40. Kd2 Bxd7 41. c3 Kc8 42. Kc2 N@c4 43. N@d6# 
{ronenl forfeits on time} 1-0

[Event "fics rated crazyhouse match"]
[Site "fics, Oklahoma City, OK USA"]
[Date "2000.09.29"]
[White "ronenl"]
[WhiteElo "2264"]
[Black "PJK"]
[BlackElo "2287"]
[TimeControl "60+0"]
[Result "0-1"]

1. e4 Nc6 2. Nc3 e6 3. d4 Bb4 4. a3 Bxc3+ 5. bxc3 d6 6. e5 
dxe5 7. Be3 exd4 8. cxd4 N@d5 9. P@d2 Nxe3 10. fxe3 P@f2+ 11. Kxf2 B@b2 
12. Rb1 Bxa3 13. N@h5 Bf8 14. Qg4 P@g6 15. Nf4 e5 16. P@e6 fxe6 17. Nxe6 
Qf6+ 18. P@f5 Bxe6 19. B@h4 Qxf5+ 20. Qxf5 Bxf5 21. Rxb7 N@e4+ 22. Ke2 P@c4 
23. P@d3 cxd3+ 24. cxd3 Nd6 25. Rxc7 Bxd3+ 26. Ke1 Q@c1+ 27. Kf2 Qxf1+ 28. Kg3 
B@e1+ 29. Kh3 P@g4+ 30. Kxg4 Qf5# 
{ronenl checkmated} 0-1

[Event "fics rated crazyhouse match"]
[Site "fics, Oklahoma City, OK USA"]
[Date "2000.09.29"]
[White "PJK"]
[WhiteElo "2294"]
[Black "ronenl"]
[BlackElo "2257"]
[TimeControl "60+0"]
[Result "0-1"]

1. Nf3 e6 2. Nc3 d5 3. d4 Nf6 4. Bg5 Be7 5. Bxf6 Bxf6 6. N@h5 
B@e7 7. Nxf6+ Bxf6 8. B@e5 Rg8 9. Bxf6 gxf6 10. e4 dxe4 11. Nxe4 P@g7 
12. P@h6 B@d5 13. Bd3 N@f4 14. B@f1 Nc6 15. hxg7 Bxe4 16. Bxe4 Rxg7 17. B@h6 
Nxg2+ 18. Bxg2 Rxg2 19. N@g7+ Kd7 20. d5 B@b4+ 21. c3 Bd6 22. dxc6+ bxc6 
23. Bxc6+ Kxc6 24. P@b5+ Kd7 25. P@c6+ Ke7 26. Qe2 B@b6 27. N@f5+ Kf8 28. Nxe6+ 
Kg8 29. Nxd8 Bxf2+ 30. Qxf2 N@d3+ 31. Kd1 Nxf2+ 32. Kc2 Ne4+ 33. Bd2 P@d3+ 
34. Kxd3 Nc5+ 35. Kc4 P@d5+ 36. Kb4 Q@c4+ 37. Ka5 Qa4# 
{PJK checkmated} 0-1

[Event "fics rated crazyhouse match"]
[Site "fics, Oklahoma City, OK USA"]
[Date "2000.09.29"]
[White "ronenl"]
[WhiteElo "2266"]
[Black "PJK"]
[BlackElo "2285"]
[TimeControl "60+0"]
[Result "1-0"]

1. e4 Nc6 2. Nc3 e6 3. d4 d5 4. exd5 exd5 5. Bb5 P@e4 6. Qe2 
Nf6 7. P@e5 Bg4 8. exf6 Bxe2 9. Ngxe2 Qxf6 10. B@e5 Qd8 11. Bxc7 Qxc7 
12. Nxd5 Qa5+ 13. Bd2 Qxb5 14. N@c7+ Kd7 15. Nxb5 Bd6 16. Nxd6 Kxd6 17. B@c5+ 
Kxd5 18. Q@b3+ P@c4 19. Nf4# 
{PJK checkmated} 1-0

[Event "fics rated crazyhouse match"]
[Site "fics, Oklahoma City, OK USA"]
[Date "2000.09.29"]
[White "PJK"]
[WhiteElo "2277"]
[Black "ronenl"]
[BlackElo "2274"]
[TimeControl "60+0"]
[Result "1-0"]

1. e4 e6 2. e5 d6 3. exd6 Bxd6 4. Nf3 Nc6 5. d4 Nge7 6. P@e5 
Bxe5 7. Nxe5 Nxe5 8. dxe5 Qxd1+ 9. Kxd1 Nf5 10. Bb5+ P@c6 11. Bg5 Q@d7+ 
12. Q@d2 cxb5 13. Qxd7+ Bxd7 14. B@d3 B@b4 15. Bxf5 exf5 16. Nc3 B@h5+ 17. N@f3 
P@e4 18. N@d5 exf3 19. gxf3 Bxf3+ 20. P@e2 Bxd5 21. Nxd5 Q@d4+ 22. Q@d3 Qxb2 
23. B@d4 N@c3+ 24. Bxc3 Bxc3 25. Nxc7+ Kf8 26. Qd6+ Kg8 27. N@e7+ Kf8 28. Ng6+ 
Kg8 29. Qf8+ Rxf8 30. Ne7# 
{ronenl checkmated} 1-0

[Event "fics rated crazyhouse match"]
[Site "fics, Oklahoma City, OK USA"]
[Date "2000.09.29"]
[White "ronenl"]
[WhiteElo "2274"]
[Black "valdushka"]
[BlackElo "2243"]
[TimeControl "60+0"]
[Result "0-1"]

1. e4 Nf6 2. Nc3 d5 3. exd5 Nxd5 4. Bc4 e6 5. Bxd5 exd5 6. Qe2+ 
P@e6 7. P@f5 Nc6 8. fxe6 Bxe6 9. P@f5 P@d7 10. fxe6 dxe6 11. B@a4 B@d7 
12. Bxc6 Bxc6 13. d4 B@a6 14. N@d3 P@e4 15. N@e5 exd3 16. cxd3 Bd6 17. P@b5 
Bxe5 18. bxc6 Bxd4 19. cxb7 Bxb7 20. Be3 Bxc3+ 21. bxc3 N@h4 22. B@h3 P@f6 
23. Rb1 P@b6 24. P@g3 N@a3 25. gxh4 Nxb1 26. Kf1 Nxc3 27. Qc2 R@d1+ 28. B@e1 
N@b1 29. N@b2 Rxe1+ 30. Kxe1 P@d2+ 31. Bxd2 Nxd2 32. Qxd2 B@e7 33. Qxc3 B@b4 
34. Bxe6 Bxc3+ 35. P@d2 Bxd2+ 36. Kxd2 fxe6 37. P@f7+ Kd7 38. N@b4 Bxb4+ 39. Ke2 
Q@d2# 
{ronenl resigns} 0-1

[Event "fics rated crazyhouse match"]
[Site "fics, Oklahoma City, OK USA"]
[Date "2000.09.29"]
[White "valdushka"]
[WhiteElo "2254"]
[Black "ronenl"]
[BlackElo "2265"]
[TimeControl "60+0"]
[Result "1-0"]

1. e4 e6 2. Nc3 d5 3. d4 dxe4 4. Nxe4 Nc6 5. Ng3 Nxd4 6. P@e3 
Nc6 7. Qxd8+ Nxd8 8. Nf3 Nf6 9. Bd2 P@e4 10. Ng5 Bd6 11. N5xe4 Bxg3 
12. Nxg3 P@h4 13. Ne2 Ne4 14. B@c3 Nxf2 15. Q@f3 Nxh1 16. P@f2 R@f5 17. Nf4 
N@g5 18. Bxg7 Nxf3+ 19. gxf3 Nxf2 20. N@f6+ Rxf6 21. Bxf6 Nc6 22. Bxh8 Nd3+ 
23. Nxd3 Q@g1 24. N@f6+ Ke7 25. R@e8+ Kd6 26. P@c5# 
{ronenl checkmated} 1-0

[Event "fics rated crazyhouse match"]
[Site "fics, Oklahoma City, OK USA"]
[Date "2000.09.30"]
[White "JKiller"]
[WhiteElo "2527"]
[Black "Igy"]
[BlackElo "2366"]
[TimeControl "180+0"]
[Result "1-0"]

1. e4 Nf6 2. e5 d5 3. exf6 exf6 4. d4 Nc6 5. Bb5 Bd6 6. Qe2+ 
P@e4 7. Nc3 O-O 8. Be3 Nb4 9. a3 Nxc2+ 10. Qxc2 P@d3 11. Qd2 c6 
12. Ba4 b5 13. Bd1 b4 14. axb4 Bxb4 15. P@h6 Re8 16. hxg7 P@h6 17. Bxh6 
Bxc3 18. bxc3 N@c4 19. B@h8 Nxd2 20. Bxd2 Q@b2 21. N@h6# 
{Igy checkmated} 1-0

[Event "fics rated crazyhouse match"]
[Site "fics, Oklahoma City, OK USA"]
[Date "2000.09.30"]
[White "Igy"]
[WhiteElo "2361"]
[Black "JKiller"]
[BlackElo "2533"]
[TimeControl "180+0"]
[Result "0-1"]

1. d4 Nf6 2. Nf3 e6 3. Nc3 Nc6 4. Bg5 Be7 5. e3 d6 6. Bb5 
Nd5 7. Nxd5 exd5 8. Bxe7 Qxe7 9. B@h4 f6 10. Bxc6+ bxc6 11. N@h5 B@g4 
12. N@f4 N@f5 13. Bxf6 gxf6 14. Nxf6+ Qxf6 15. P@e5 Qf8 16. P@f6 Rg8 17. h3 
B@a5+ 18. c3 Bxf3 19. gxf3 dxe5 20. dxe5 P@g2 21. Nxg2 Rxg2 22. P@g7 Qf7 
23. B@g4 Nxe3 24. fxe3 B@h4+ 25. P@f2 Rxf2 
{Igy resigns} 0-1

[Event "fics rated crazyhouse match"]
[Site "fics, Oklahoma City, OK USA"]
[Date "2000.09.30"]
[White "JKiller"]
[WhiteElo "2539"]
[Black "Igy"]
[BlackElo "2357"]
[TimeControl "180+0"]
[Result "1-0"]

1. e4 e6 2. d4 d5 3. exd5 exd5 4. Bb5+ Bd7 5. Qe2+ Be7 6. Nc3 
Nf6 7. Bxd7+ Qxd7 8. P@g5 Ne4 9. Nxe4 dxe4 10. N@h5 Rg8 11. Qxe4 P@g6 
12. B@h3 B@f5 13. Bxf5 gxf5 14. Qe2 N@e4 15. Be3 B@g4 16. B@f3 Bxf3 17. Nxf3 
B@g4 18. Nxg7+ Rxg7 19. P@f6 Rg8 20. fxe7 Qxe7 21. Rg1 P@c3 22. B@a4+ Nc6 
23. Bxc6+ bxc6 24. bxc3 Nxc3 25. N@f6+ Qxf6 26. gxf6 B@b4 27. P@d7+ Kxd7 28. Ne5+ 
Kc8 29. Qa6# 
{Igy resigns} 1-0

[Event "fics rated crazyhouse match"]
[Site "fics, Oklahoma City, OK USA"]
[Date "2000.09.30"]
[White "Igy"]
[WhiteElo "2353"]
[Black "JKiller"]
[BlackElo "2545"]
[TimeControl "120+0"]
[Result "0-1"]

1. e4 e6 2. Nc3 Nc6 3. d4 Nf6 4. e5 Nd5 5. Nxd5 exd5 6. Nf3 
d6 7. Bg5 Be7 8. Bxe7 Qxe7 9. B@h4 f6 10. N@h5 N@g4 11. Bb5 dxe5 
12. dxe5 Nxe5 13. Nxg7+ Kd8 14. Qxd5+ B@d6 15. Nxe5 Nxe5 16. O-O Qxg7 17. P@e7+ 
Kxe7 18. P@g3 N@f3+ 19. gxf3 N@h3+ 20. Kh1 P@g2+ 21. Kxg2 Nf4+ 22. Kg1 Nxd5 
23. P@g2 P@h3 24. N@d4 hxg2 25. N@f5+ Bxf5 26. Nxf5+ Kd8 27. Kxg2 Nf4# 
{Igy resigns} 0-1

[Event "fics rated crazyhouse match"]
[Site "fics, Oklahoma City, OK USA"]
[Date "2000.09.30"]
[White "JKiller"]
[WhiteElo "2550"]
[Black "Igy"]
[BlackElo "2349"]
[TimeControl "120+0"]
[Result "0-1"]

1. e4 Nf6 2. e5 d5 3. exf6 exf6 4. d4 Nc6 5. Bb5 Bb4+ 6. c3 
Bd6 7. Qe2+ P@e4 8. N@h5 O-O 9. Nd2 a6 10. Ba4 Ne7 11. Bc2 Ng6 
12. f3 f5 13. fxe4 fxe4 14. Nxe4 dxe4 15. Bxe4 Re8 16. P@e5 Bxe5 17. dxe5 
Rxe5 18. B@d4 Qh4+ 19. P@g3 Qxe4 20. Bxe5 N@c2+ 21. Kd1 Qxe2+ 22. Nxe2 Q@d3+ 
23. Bd2 Ne3+ 24. Ke1 P@f2+ 25. Kxf2 Ng4+ 26. Kf1 Qf5+ 27. R@f4 Nxf4 28. Q@d8+ 
R@f8 29. Qxf8+ Kxf8 30. Bxg7+ Ke7 31. Bxf4 
{JKiller resigns} 0-1

[Event "fics rated crazyhouse match"]
[Site "fics, Oklahoma City, OK USA"]
[Date "2000.09.30"]
[White "Igy"]
[WhiteElo "2361"]
[Black "JKiller"]
[BlackElo "2534"]
[TimeControl "120+0"]
[Result "0-1"]

1. e4 e6 2. Nc3 d5 3. exd5 exd5 4. Bb5+ c6 5. Be2 Nf6 6. d4 
Be7 7. Bf4 P@d6 8. P@e5 Ne4 9. Nxe4 dxe4 10. exd6 Bxd6 11. Bxd6 Qxd6 
12. B@e5 B@a5+ 13. P@c3 Qg6 14. N@f4 Qf5 15. Bg4 Qxg4 16. Qxg4 Bxg4 17. Bxg7 
P@d2+ 18. Kxd2 e3+ 19. Kxe3 N@c4+ 20. Kd3 B@e4+ 21. Kxe4 Q@f5# 
{Igy checkmated} 0-1

[Event "fics rated crazyhouse match"]
[Site "fics, Oklahoma City, OK USA"]
[Date "2000.09.30"]
[White "JKiller"]
[WhiteElo "2539"]
[Black "Igy"]
[BlackElo "2357"]
[TimeControl "120+0"]
[Result "1-0"]

1. e4 Nf6 2. e5 Ne4 3. d3 Nxf2 4. Kxf2 d6 5. exd6 exd6 6. Qe2+ 
Qe7 7. Nf3 Nc6 8. N@d5 Qxe2+ 9. Bxe2 Q@c5+ 10. Q@e3+ Qxe3+ 11. Bxe3 Q@d8 
12. Nbc3 P@e6 13. Nf4 e5 14. Nfd5 P@d4 15. Bg5 Be7 16. Nxe7 Nxe7 17. Bxe7 
Qxe7 18. Nd5 B@e3+ 19. Kf1 Bg4 20. B@a4+ Kf8 21. Nxe7 Bxf3 22. Bxf3 N@d2+ 
23. Ke2 N@f4+ 24. Kd1 Nxf3 25. gxf3 B@e2+ 26. Ke1 Bxf3 27. N@d7+ Kxe7 28. N@f5+ 
Kd8 29. Q@e7+ Kc8 30. Nxd6+ cxd6 31. Nb6# 
{Igy resigns} 1-0